AoeStats
← TheF!nalOne

Black Forest

509737402Analyzed
2v2 RM · 4d ago on Sep 27, 2026· 54m 1s· 4 players
Game mode
Random Map
Map size
Medium (4 player)
Population
200
Speed
Normal
Resources
Standard
Victory
Conquest
Starting age
Dark Age
Ending age
Imperial Age
RankedLock teamsTeams togetherTeam positionsShared explorationLock speedFull tech treeHidden civsTurbo modeCheats
Victory
Defeat
🇭🇷 Cumans · Croatia
985
+17
🇭🇷 Celts · Croatia
983
+16
🇺🇸 Romans · United States
1008
-17
🇺🇸 Japanese · United States
994
-16
mkopri10
6:41 Loom
14:11 Feudal Age
14:42 Double-Bit Axe
15:35 Wheelbarrow
14:52 Gold Mining
22:33 Horse Collar
27:40 Castle Age
26:12 Forging
26:08 Scale Barding Armor
26:58 Fishing Lines
27:47 Bloodlines
28:51 Capped Ram
30:18 Hand Cart
33:01 Gillnets
33:24 Bow Saw
33:18 Heavy Plow
34:09 Iron Casting
34:17 Stone Mining
35:03 Gold Shaft Mining
35:43 Chain Barding Armor
39:41 Fletching
39:51 Padded Archer Armor
42:24 Imperial Age
40:25 Elite Skirmisher
41:11 Thumb Ring
42:35 Ballistics
42:13 Bodkin Arrow
42:33 Leather Archer Armor
42:41 Caravan
43:41 Crop Rotation
44:17 Two-Man Saw
45:02 Chemistry
44:27 Conscription
44:12 Steppe Husbandry
45:49 Elite Steppe Lancer
47:12 Plate Barding Armor
47:38 Blast Furnace
48:25 Siege Ram
53:43 Ring Archer Armor
Atomicmarin
0:28 Loom
12:26 Feudal Age
13:00 Double-Bit Axe
14:08 Man-at-Arms
19:37 Scale Mail Armor
21:07 Wheelbarrow
23:09 Horse Collar
26:03 Castle Age
24:29 Gold Mining
24:32 Stone Mining
24:54 Forging
27:57 Fishing Lines
29:20 Arson
30:17 Iron Casting
31:02 Stone Shaft Mining
30:45 Chain Mail Armor
32:27 Fletching
33:34 Hand Cart
34:01 Gold Shaft Mining
38:51 Imperial Age
36:36 Heavy Plow
37:13 Bodkin Arrow
41:17 Chemistry
41:31 Fortified Wall
40:46 Heavy Scorpion
42:32 Blast Furnace
42:17 Onager
44:35 Plate Mail Armor
43:27 Elite Woad Raider
45:58 Furor Celtica
47:28 Town Watch
47:20 Siege Onager
48:20 Siege Engineers
48:25 Masonry
TheF!nalOne
11:04 Feudal Age
17:15 Castle Age
15:36 Double-Bit Axe
16:26 Fishing Lines
17:48 Stone Mining
19:14 Gillnets
21:15 Loom
32:08 Padded Archer Armor
35:15 Fletching
36:30 Bow Saw
35:47 Man-at-Arms
36:29 Squires
36:14 Arson
36:33 Long Swordsman
36:59 Gambesons
37:15 Scale Mail Armor
37:25 Forging
38:33 Thumb Ring
39:49 Iron Casting
39:30 Chain Mail Armor
40:49 Chain Mail Armor
40:30 Bodkin Arrow
44:51 Imperial Age
44:08 Fortified Wall
45:39 Bracer
47:03 Onager
51:03 Ballistics
BLUERACOON
2:37 Loom
10:52 Feudal Age
11:35 Double-Bit Axe
11:32 Horse Collar
19:05 Castle Age
16:53 Town Watch
18:35 Man-at-Arms
22:52 Castle Age
24:08 Scale Mail Armor
24:43 Long Swordsman
27:15 Squires
29:52 Forging
30:40 Bow Saw
32:00 Pikeman
36:17 Wheelbarrow
35:28 Town Watch
37:11 Heavy Plow
38:11 Chain Mail Armor
40:47 Ballistas
43:06 Ballistics
42:42 Murder Holes
43:45 Iron Casting
43:03 Fletching
43:15 Caravan
44:03 Gold Mining
44:04 Stone Mining
49:52 Imperial Age
47:41 Hand Cart
49:39 Town Patrol
Connection lost

Rejoining the realm…

Still unreachable

The connection could not be restored.

Session expired

The server has moved on; the page needs a fresh start.